Map: Ice and Chrome LE

Players

Denver - Winner!

  • Race: Zerg Zerg
  • League: Grandmaster
  • Spawn Location: 1:00

AqueroN

  • Race: Terran Terran
  • League: Master
  • Spawn Location: 7:00

Event: DreamHack SC2 Masters 2020 Fall

VOD

Have the link to the VOD?

Description

Time

  • Played on: Sept. 2, 2020, 2:11 p.m.
  • Length: 22:30

All games in this series

Show
View Real Time Build Order
Export as new Build Order

Denver Zerg - Winner!

Build Orders: Hatch First, Muta Ling Bane 

Get SALT Encoding   

  12  0:00  Drone  
  13  0:13  Overlord  
  13  0:18  Drone  
  14  0:31  Drone x2  
  16  0:49  Hatchery  
  15  0:53  Drone  
  15  0:56  Drone  
  17  1:00  Drone  
  18  1:11  Extractor  
  17  1:16  Spawning Pool  
  16  1:19  Drone  
  16  1:23  Drone  
  18  1:29  Drone  
  19  1:39  Drone  
  20  1:50  Overlord  
  20  2:03  Queen x2  
  20  2:04  Zergling x4  
  26  2:12  Metabolic Boost  
  26  2:14  Drone x2  
  28  2:24  Extractor  
  28  2:25  Drone x2  
  29  2:41  Hatchery  
  29  2:43  Drone  
  30  2:44  Drone  
  30  2:47  Drone  
  32  2:52  Overlord  
  32  2:55  Drone  
  32  2:57  Drone  
  34  3:03  Queen  
  36  3:08  Overlord  
  36  3:12  Drone x2  
  38  3:15  Drone  
  38  3:19  Pneumatized Carapace  
  39  3:21  Drone  
  39  3:24  Drone  
  39  3:25  Drone  
  42  3:28  Drone  
  42  3:32  Drone  
  44  3:38  Drone  
  44  3:41  Queen  
  45  3:47  Baneling Nest  
  46  3:49  Drone x5  
  46  3:53  Overlord  
  51  3:57  Queen  
  51  4:02  Overlord  
  53  4:03  Zergling x2  
  54  4:11  Zergling x6  
  54  4:16  Drone x3  
  60  4:18  Queen  
  62  4:25  Drone x2  
  62  4:26  Drone  
  62  4:28  Lair  
  62  4:29  Overlord  
  65  4:33  Drone  
  65  4:36  Queen  
  68  4:44  Drone x6  
  74  4:46  Overlord x2  
  74  4:49  Overlord, Extractor  
  74  4:50  Extractor  
  72  4:54  Spore Crawler, Drone  
  72  4:56  Spore Crawler  
  72  4:59  Zergling x6  
  74  5:04  Spore Crawler  
  74  5:06  Zergling x6  
  76  5:08  Spore Crawler, Baneling x3  
  76  5:09  Drone  
  76  5:13  Drone x3  
  79  5:14  Drone  
  79  5:15  Drone  
  79  5:20  Drone x4  
  85  5:23  Drone  
  85  5:27  Drone  
  85  5:28  Drone x3  
  90  5:33  Spire  
  90  5:35  Extractor  
  88  5:37  Drone x3  
  88  5:39  Extractor  
  90  5:47  Overlord x2  
  90  5:49  Centrifical Hooks, Extractor  
  89  5:55  Overlord  
  89  5:58  Drone  
  89  6:00  Overlord  
  88  6:05  Drone x4  
  88  6:08  Drone x4  
  88  6:11  Evolution Chamber  
  95  6:13  Evolution Chamber  
  95  6:15  Hatchery  
  95  6:18  Overlord  
  93  6:21  Drone x2  
  93  6:22  Drone  
  93  6:24  Spore Crawler  
  95  6:26  Zergling x2  
  95  6:27  Zergling x10  
  95  6:30  Overlord  
  101  6:33  Overlord  
  101  6:37  Overlord  
  101  6:44  Zergling x8  
  100  6:48  Zerg Melee Weapons Level 1, Zerg Ground Armor Level 1  
  100  6:49  Zerg Flyer Weapons Level 1  
  100  6:50  Zergling x8  
  103  6:56  Drone x3  
  103  6:57  Drone  
  103  7:01  Mutalisk x2  
  105  7:03  Baneling x4  
  105  7:07  Mutalisk  
  111  7:12  Mutalisk x3  
  113  7:16  Drone  
  113  7:18  Drone x2  
  113  7:19  Drone  
  113  7:20  Zergling x8  
  113  7:22  Baneling  
  121  7:27  Mutalisk x2  
  121  7:28  Mutalisk  
  121  7:29  Baneling  
  127  7:34  Overlord  
  127  7:35  Zergling x4  
  129  7:39  Zergling x10  
  132  7:46  Drone x4  
  136  7:51  Extractor  
  136  7:52  Burrow  
  136  7:55  Drone x3  
  136  7:56  Hatchery  
  137  7:59  Mutalisk x2  
  137  8:04  Overlord  
  141  8:06  Overlord x2  
  141  8:09  Drone x4  
  141  8:12  Baneling x5  
  145  8:13  Baneling  
  145  8:14  Overlord  
  145  8:17  Mutalisk  
  145  8:19  Mutalisk  
  149  8:23  Mutalisk x2  
  149  8:27  Mutalisk  
  151  8:29  Overlord  
  153  8:34  Overlord  
  153  8:35  Overlord x2  
  153  8:37  Zergling x12  
  159  8:43  Zergling x14  
  164  8:49  Mutalisk x3  
  164  8:51  Zergling x6  
  173  8:57  Zerg Ground Armor Level 2  
  173  8:59  Zergling x8  
  176  9:03  Zerg Melee Weapons Level 2  
  176  9:10  Zergling x16  
  176  9:15  Zergling x10  
  189  9:22  Zergling x14  
  196  9:27  Infestation Pit  
  195  9:31  Zergling x2  
  195  9:32  Zergling x8  
  195  9:37  Baneling  
  195  9:38  Baneling x18  
  198  9:43  Drone  
  198  9:45  Baneling x8  
  199  9:59  Extractor  
  196  10:16  Baneling x10  
  196  10:17  Baneling x3  
  196  10:18  Zergling x6  
  191  10:31  Zergling x16  
  191  10:32  Zergling x14  
  197  10:38  Zergling x2  
  197  10:39  Zergling x8  
  162  10:52  Baneling x7  
  162  10:55  Zergling x24  
  162  10:56  Zergling x24  
  149  10:57  Baneling  
  149  10:58  Baneling x3  
  149  10:59  Mutalisk x6, Baneling x12  
  149  11:03  Zergling x8  
  165  11:05  Zergling x4  
  165  11:10  Zergling x10  
  163  11:13  Zergling x2  
  163  11:16  Baneling x4  
  163  11:17  Zergling x2, Baneling x10  
  147  11:22  Zergling x2  
  147  11:23  Zergling x4  
  138  11:28  Baneling x7  
  138  11:31  Zergling x12  
  134  11:36  Zergling x2, Baneling Nest  
  134  11:37  Zergling x8  
  131  11:42  Zergling x2  
  131  11:43  Zergling x6  
  120  11:47  Zergling x8  
  120  11:51  Mutalisk x2  
  127  12:00  Zergling x12  
  124  12:07  Zergling x14  
  130  12:12  Zergling x2  
  130  12:13  Zergling x2  
  132  12:18  Mutalisk x5  
  132  12:22  Hatchery  
  141  12:29  Mutalisk x3  
  143  12:30  Extractor x2  
  143  12:32  Baneling  
  143  12:34  Zergling x12  
  143  12:35  Zergling x2  
  143  12:36  Zergling x2  
  153  12:40  Mutalisk  
  153  12:43  Drone x2  
  157  12:49  Zergling x2  
  157  12:50  Zergling x2  
  159  12:52  Baneling x5  
  159  12:53  Baneling x4  
  159  13:07  Zergling x12  
  159  13:10  Drone  
  159  13:11  Drone x2  
  168  13:16  Drone x4  
  168  13:17  Hatchery, Drone  
  172  13:23  Drone  
  172  13:24  Drone x4  
  176  13:29  Hive  
  176  13:36  Mutalisk x3  
  176  13:39  Baneling x2  
  176  13:40  Baneling x3  
  182  13:42  Baneling  
  182  13:43  Baneling x5  
  182  13:49  Zergling x10  
  186  13:58  Zergling x2  
  186  13:59  Zergling x14  
  148  14:18  Zergling x36  
  155  14:31  Zergling x16  
  158  14:34  Baneling x5  
  155  14:38  Baneling  
  155  14:39  Baneling x7  
  155  14:41  Zergling x10  
  159  14:47  Zergling x2  
  159  14:48  Zergling x10  
  154  15:02  Zergling x2  
  154  15:03  Zergling x26  
  156  15:16  Zergling x14  
  155  15:41  Mutalisk x8  
  170  15:46  Baneling  
  170  15:47  Baneling x7  
  170  15:50  Zergling x2  
  170  15:51  Zergling x2  
  172  15:57  Zergling x12  
  178  16:10  Zergling x4  
  178  16:11  Zergling x4, Hatchery  
  182  16:13  Overseer  
  182  16:15  Baneling x2  
  182  16:16  Baneling x5  
  181  16:24  Zergling x12  
  183  16:35  Baneling x19  
  179  16:41  Zergling x2  
  179  16:42  Zergling x8  
  182  16:47  Baneling x5  
  182  16:48  Baneling x5  
  173  16:57  Zergling x16  
  176  17:11  Zergling x20  
  186  17:17  Zerg Flyer Weapons Level 2  
  186  17:25  Adrenal Glands  
  186  17:27  Zergling x4  
  188  17:34  Zergling x8  
  192  18:00  Zergling x2  
  192  18:01  Zergling x14  
  192  18:04  Zerg Melee Weapons Level 3, Zerg Ground Armor Level 3  
  200  18:05  Ultralisk Cavern  
  183  18:19  Mutalisk x8  
  187  18:39  Zergling x20  
  187  18:40  Zergling x8  
  199  18:42  Baneling x15  
  199  18:53  Baneling x6  
  122  19:10  Zergling x2  
  122  19:11  Zergling x32  
  122  19:13  Baneling x7  
  137  19:17  Zergling x2  
  137  19:19  Extractor x2  
  136  19:25  Hatchery  
  135  19:35  Baneling x5  
  135  19:46  Zergling x16  
  141  20:00  Zergling x8  
  141  20:05  Baneling  
  141  20:06  Baneling x4  
  145  20:10  Zergling x6  
  148  20:25  Mutalisk  
  148  20:26  Mutalisk  
  152  20:33  Zergling x6  
  126  20:58  Zergling x20  
  109  21:08  Overseer  
  109  21:10  Zergling x8  
  113  21:13  Drone  
  113  21:14  Drone  
  110  21:37  Zergling x12  
  110  21:38  Hatchery  
  114  21:42  Baneling x4  
  114  21:51  Zergling x6  
  117  22:00  Baneling x8  
  117  22:04  Baneling  
  117  22:05  Baneling  
Show
View Real Time Build Order
Export as new Build Order

AqueroN Terran 

Build Orders: Reaper Expand 

Get SALT Encoding   

  12  0:00  SCV  
  13  0:12  SCV  
  14  0:17  Supply Depot  
  14  0:24  SCV  
  15  0:38  SCV  
  15  0:40  Barracks  
  16  0:45  Refinery  
  16  0:50  SCV  
  17  1:03  SCV  
  18  1:15  SCV  
  19  1:27  Reaper, Orbital Command  
  20  1:40  Command Center  
  20  1:51  Supply Depot  
  20  1:52  SCV  
  21  1:59  Marine  
  22  2:04  SCV  
  23  2:14  Factory  
  23  2:16  SCV  
  23  2:19  Refinery  
  23  2:22  Barracks Reactor  
  24  2:28  SCV  
  25  2:40  SCV  
  26  2:52  SCV, Orbital Command  
  27  3:02  Starport  
  27  3:05  SCV, Hellion x2  
  32  3:09  Marine  
  33  3:17  SCV, Supply Depot  
  33  3:18  SCV  
  39  3:27  Hellion x2  
  39  3:29  SCV  
  39  3:31  SCV  
  41  3:41  SCV, Fusion Core  
  41  3:42  Starport Tech Lab  
  41  3:43  SCV  
  47  3:52  Command Center  
  47  3:55  SCV  
  44  3:56  SCV  
  44  3:59  Hellion  
  44  4:01  Hellion  
  49  4:08  Supply Depot  
  49  4:10  SCV x2  
  51  4:22  SCV x2  
  53  4:30  Battlecruiser  
  59  4:31  Supply Depot  
  59  4:34  SCV x2  
  61  4:47  Barracks Tech Lab  
  61  4:49  SCV  
  62  4:53  SCV  
  62  4:56  Refinery, Barracks  
  62  4:57  Supply Depot, Barracks  
  63  5:01  SCV  
  63  5:05  SCV, Engineering Bay  
  63  5:06  Engineering Bay  
  65  5:07  Orbital Command  
  65  5:13  SCV, Stimpack, Factory Reactor  
  66  5:17  SCV  
  66  5:18  Marine  
  66  5:20  Refinery  
  68  5:26  SCV  
  69  5:29  SCV  
  69  5:34  Terran Infantry Weapons Level 1, Terran Infantry Armor Level 1  
  70  5:38  SCV  
  70  5:40  Orbital Command, Marine  
  73  5:48  Barracks  
  73  5:49  Marine x2  
  74  5:50  Barracks  
  74  5:52  Supply Depot  
  74  5:57  SCV  
  74  5:58  SCV  
  74  5:59  Starport Reactor, Marine  
  74  6:04  Marine x2  
  77  6:07  Marine x2  
  77  6:08  SCV  
  77  6:10  SCV x2  
  84  6:12  Supply Depot  
  84  6:17  Marine  
  85  6:20  SCV  
  85  6:21  Marine, Siege Tank  
  85  6:22  SCV x2, Supply Depot, Marine  
  85  6:24  Supply Depot  
  85  6:25  Marine x2  
  95  6:32  SCV  
  96  6:34  SCV x2  
  96  6:35  Marine  
  96  6:36  Medivac x2  
  96  6:38  Barracks Reactor x2  
  96  6:39  Marine x2  
  103  6:42  Marine  
  99  6:47  Marine  
  99  6:48  SCV x3  
  99  6:52  Supply Depot  
  99  6:53  Supply Depot x2, Marine  
  98  6:54  Siege Tank  
  98  6:57  Marine x2  
  103  7:01  Armory  
  103  7:04  Combat Shield  
  103  7:07  Marine x2  
  105  7:10  SCV  
  105  7:11  SCV x2, Marine  
  109  7:19  Refinery  
  109  7:22  Medivac x2  
  113  7:23  Marine x6  
  113  7:26  Siege Tank  
  122  7:35  Barracks  
  122  7:36  Barracks  
  122  7:37  Marine x2  
  122  7:38  Marine  
  122  7:39  Barracks  
  122  7:44  Marine x3  
  123  7:46  Marine  
  123  7:49  Missile Turret  
  129  7:53  Missile Turret  
  129  7:58  Missile Turret  
  129  7:59  Missile Turret, Marine x2  
  129  8:00  Terran Infantry Armor Level 2  
  129  8:02  Terran Infantry Weapons Level 2  
  129  8:06  Marine x2, Siege Tank  
  129  8:08  Marine x4  
  129  8:10  Medivac  
  140  8:16  Marine  
  141  8:21  Supply Depot  
  141  8:22  Supply Depot  
  141  8:23  Marine x4  
  141  8:24  Marine  
  144  8:28  Marine x5  
  144  8:33  Marine  
  150  8:34  Supply Depot x2, Marine  
  150  8:37  Missile Turret  
  150  8:38  Missile Turret  
  150  8:40  Marine x2  
  150  8:41  Marine  
  154  8:43  Marine x2  
  154  8:45  Marine, Siege Tank  
  154  8:46  Marine x2  
  154  8:47  Medivac  
  154  8:48  Medivac  
  166  8:52  Marine x3  
  166  8:53  Marine  
  169  8:58  Marine  
  169  9:00  Marine x2  
  169  9:01  Marine x2  
  174  9:05  Supply Depot  
  174  9:07  Supply Depot  
  173  9:10  Missile Turret  
  173  9:11  Marine x3  
  173  9:12  Marine x4  
  173  9:16  Marine  
  181  9:18  Siege Tank  
  181  9:21  Marine x2  
  186  9:25  Supply Depot  
  186  9:26  Medivac x2  
  186  9:27  Supply Depot  
  186  9:29  Marine x6  
  196  9:35  Marine  
  195  9:38  Marine x2  
  195  9:39  Marine  
  198  9:48  Marine x2  
  200  9:56  Command Center  
  194  10:03  Marine x2  
  194  10:04  Marine x2  
  198  10:10  Missile Turret  
  198  10:16  Marine x2, Sensor Tower  
  199  10:26  Siege Tank  
  196  10:29  Marine  
  196  10:31  Marine x3  
  175  10:51  Marine  
  175  10:55  Marine x2  
  175  10:56  Marine x4  
  175  10:57  Marine x4  
  153  10:58  Medivac x2, Siege Tank  
  164  11:05  Terran Infantry Weapons Level 3, Terran Infantry Armor Level 3  
  164  11:09  Marine  
  165  11:16  Marine x5  
  165  11:17  Marine x6  
  158  11:27  Marine, Liberator  
  158  11:28  Liberator  
  158  11:30  Siege Tank  
  168  11:34  Marine x6  
  168  11:35  Marine x5  
  166  11:45  Marine  
  144  11:52  Marine x8  
  144  11:53  Marine  
  153  12:00  Marine  
  138  12:03  SCV x3, Marine, Siege Tank  
  145  12:09  Marine  
  145  12:11  Factory  
  145  12:14  Supply Depot  
  145  12:15  SCV x3  
  147  12:16  Marine x2  
  147  12:17  Marine x4  
  147  12:18  Barracks Tech Lab  
  147  12:19  Barracks Tech Lab  
  154  12:26  Planetary Fortress, Missile Turret, Barracks Tech Lab  
  154  12:27  Missile Turret  
  154  12:28  Missile Turret  
  154  12:29  Liberator x2  
  154  12:34  Marine x2  
  154  12:35  Marauder, Siege Tank  
  167  12:44  Marine x2  
  167  12:45  Marine x3  
  172  12:51  Marauder  
  172  12:52  Marauder x2  
  178  12:58  Factory Reactor  
  178  12:59  Marine x3  
  178  13:00  Marauder  
  183  13:08  Siege Tank  
  183  13:09  Marine  
  183  13:10  Marine x3  
  183  13:11  Marine  
  191  13:13  Marauder x2  
  191  13:19  Marauder, Marine x2  
  198  13:21  Marauder  
  198  13:22  Missile Turret  
  198  13:24  Missile Turret  
  200  13:41  Drilling Claws  
  200  13:48  Refinery x2, Command Center  
  184  13:57  Siege Tank  
  184  13:58  Marauder x2, Marine x2  
  184  13:59  Medivac, Marine  
  184  14:00  Medivac, Marine x2  
  197  14:12  Marine  
  197  14:13  Marine x3  
  166  14:18  Marine x3  
  166  14:21  Marine x4  
  166  14:22  Marauder  
  154  14:26  Widow Mine x2  
  154  14:29  Medivac, Siege Tank  
  154  14:30  Medivac  
  166  14:31  Marauder  
  166  14:36  Marine x2  
  168  14:39  Marine x5  
  168  14:40  Marauder x2  
  168  14:43  Marauder  
  179  14:50  Marine  
  179  14:52  Marine  
  174  14:54  Marine x2, Widow Mine x2  
  174  14:57  Marine x2  
  174  14:59  Medivac x2  
  167  15:06  Marine x4  
  159  15:07  Marauder x2  
  159  15:12  Widow Mine  
  158  15:16  Widow Mine  
  158  15:19  Marine x2  
  147  15:21  Widow Mine  
  147  15:28  Marine x2  
  145  15:33  Widow Mine  
  152  15:36  Marauder x4, Marine x2  
  152  15:41  Marine x2  
  152  15:42  Marine x2  
  150  15:55  Missile Turret x2  
  150  15:57  Missile Turret  
  150  16:00  Widow Mine x2  
  154  16:07  Marine  
  154  16:08  Marine x2  
  155  16:11  Marine  
  155  16:12  Planetary Fortress  
  155  16:16  Marauder x4  
  164  16:25  Marine  
  161  16:37  Marauder x3  
  161  16:39  Thor  
  167  16:43  Missile Turret  
  165  16:48  Marine x3  
  165  16:52  Marine x2  
  165  16:53  Marine x2  
  165  16:54  Marine x2  
  160  16:58  Marine  
  160  16:59  Marine  
  163  17:04  SCV x4  
  166  17:09  Marine x2  
  168  17:16  Medivac x2  
  168  17:18  Marine x3  
  168  17:19  Marine  
  176  17:24  Marine x2  
  176  17:25  Marine x2  
  179  17:32  Marine x4  
  179  17:36  Widow Mine x2  
  185  17:42  Missile Turret  
  185  17:43  Missile Turret, Orbital Command  
  185  17:47  Marine  
  185  17:48  Marine  
  181  17:51  Marine x2  
  181  17:57  Marine x2  
  181  18:15  Marine x3  
  181  18:16  Marine  
  181  18:19  Widow Mine x2  
  189  18:22  Missile Turret  
  188  18:29  Marine x2  
  188  18:30  Marine x2  
  188  18:33  Marine  
  193  18:54  Marine x4  
  176  19:00  Marine x2  
  172  19:05  Marine x2  
  172  19:06  Marine x2  
  172  19:08  Marine  
  107  19:15  Widow Mine x2  
  111  19:22  Medivac x2  
  115  19:25  Marine x3  
  115  19:29  Marine x3  
  115  19:30  Marine  
  122  19:33  Marine x2  
  116  19:39  Marine x2  
  116  19:42  Marine  
  114  19:47  Marine x3  
  114  19:48  Marine x3  
  120  19:55  Marine  
  120  19:56  Marine  
  119  20:02  Marine x3  
  119  20:05  Marine x2  
  124  20:07  Missile Turret  
  123  20:26  Marine x2  
  125  20:30  Marine x6  
  131  20:36  Widow Mine x2  
  130  20:43  Marine x3  
  130  20:44  Marine x2  
  135  20:51  Widow Mine  
  135  20:52  Marine  
  123  20:58  Widow Mine x2  
  123  21:03  Marine  
  123  21:04  Marine x5  
  71  21:06  Marine  
  71  21:07  Marine x3  
  71  21:13  Widow Mine, Marine x2  
  75  21:19  Widow Mine  
  75  21:21  Marine x2  
  79  21:28  Orbital Command  

Tags
 
Add a new tag
Caveats
  • Supply blocks, unpowered buildings, or Contaminate may cause inaccurate times.
  • Supply counts are checked every 10 seconds.